 Dungeon Crawl Stone Soup version 0.31-a0-1227-g0136665373 (webtiles) character file.

Game seed: 13201898986178679703

77 Hubris850 the Caller (level 4, -4/33 (34) HPs)
             Began as a Gnoll Wanderer on Dec 14, 2023.
             Slain by an orc
             ... wielding a +0 flail of draining
              (6 damage)
             ... on level 3 of the Dungeon.
             The game lasted 00:04:21 (1941 turns).

Hubris850 the Caller (Gnoll Wanderer)               Turns: 1941, Time: 00:04:22

HP:   -4/33 (34)    AC:  5    Str:  8    XL:     4   Next: 34%
MP:   8/8           EV: 11    Int: 13    God:
Gold: 81            SH:  0    Dex: 15    Spells: 8/9 levels left

rFire   . . .        a - +0 quarterstaff
rCold   . . .        (shield currently unavailable)
rNeg    . . .        g - +0 leather armour
rPois   .            p - +2 hat
rElec   .            (no cloak)
rCorr   .            (no gloves)
SInv    .            (no boots)
Will    .....        (no amulet)
Stlth   ++           (no ring)
HPRegen 0.25/turn    (no ring)
MPRegen 0.11/turn

%: no passive effects
@: lightly drained
A: fangs 1, strong nose, distributed training
a: no special abilities


You were on level 3 of the Dungeon.
You visited 1 branch of the dungeon, and saw 3 of its levels.

You collected 81 gold pieces.

Inventory:

Hand Weapons
 a - a +0 quarterstaff (weapon)
 c - a +0 dagger
Missiles
 b - 16 poisoned darts (quivered)
Armour
 e - a +0 robe
 g - a +0 leather armour (worn)
 j - an orb of wrath
 p - a +2 hat (worn)
Jewellery
 h - a ring of protection from fire
Talismans
 m - a talisman of death
Scrolls
 f - 2 scrolls of amnesia {unknown}
 i - a scroll of fog {unknown}
Potions
 d - 2 potions of invisibility
 k - a potion of brilliance {unknown}
 l - a potion of might {unknown}
 n - a potion of curing {unknown}
 o - a potion of degeneration {unknown}


   Skills:
 + Level 2.7 Fighting
 + Level 1.1 Short Blades
 + Level 1.1 Long Blades
 + Level 1.1 Axes
 + Level 1.1 Maces & Flails
 + Level 1.1 Polearms
 + Level 4.6 Staves
 + Level 1.1 Ranged Weapons
 + Level 2.7 Throwing
 + Level 2.7 Armour
 + Level 1.1 Dodging
 + Level 2.5 Stealth
 + Level 1.1 Shields
 + Level 1.1 Unarmed Combat
 + Level 3.0 Spellcasting
 + Level 0.9 Conjurations
 + Level 0.9 Hexes
 + Level 5.4 Summonings
 + Level 0.9 Necromancy
 + Level 0.9 Translocations
 + Level 0.9 Transmutations
 + Level 0.9 Fire Magic
 + Level 0.9 Ice Magic
 + Level 0.9 Air Magic
 + Level 0.9 Earth Magic
 + Level 0.9 Poison Magic
 + Level 1.2 Invocations
 + Level 1.1 Evocations
 + Level 1.0 Shapeshifting


You had 8 spell levels left.
You knew the following spells:

 Your Spells              Type           Power      Damage    Failure   Level
a - Summon Small Mammal   Summ           64%        N/A       3%          1

Your spell library contained the following spells:

 Spells                   Type           Power      Damage    Failure   Level
 Call Canine Familiar     Summ           16%        N/A       11%         3
 Summon Guardian Golem    Hex/Summ       10%        N/A       26%         3
 Orb of Destruction       Conj           2%         9d5       100%        7
 Spellforged Servitor     Conj/Summ      5%         N/A       100%        7


Dungeon Overview and Level Annotations

Branches:
Dungeon (3/15)

Altars:
Ashenzari


Innate Abilities, Weirdness & Mutations

You have very sharp teeth.
Your uncanny sense of smell can sniff out nearby items.
Your experience applies equally to all skills.


Message History

The orc priest barely misses you.
You see here a +0 dagger.
You hit the orc priest.
You bite the orc priest, but do no damage.
The orc priest is almost dead.
An orc comes into view. It is wielding a +0 dagger.
The orc priest misses you.
You closely miss the orc priest.
The orc priest is almost dead.
The orc hits you with a +0 flail of draining.
You feel drained.
The orc priest mumbles some strange prayers to Beogh against you.
Beogh smites you!
Ouch! That really hurt!
* * * LOW HITPOINT WARNING * * *
You sock the orc priest!
You kill the orc priest!
The orc barely misses you.
Your life force feels restored.
Your Spellcasting skill increases to level 3!
Your Shapeshifting skill increases to level 1!
You have reached level 4!
You feel agile.
You barely miss the orc. The orc barely misses you. The orc closely misses you.
You hit the orc.
The orc is severely wounded.
The orc barely misses you.
The orc hits you with a +0 flail of draining.
* * * LOW HITPOINT WARNING * * *
You feel drained.
You barely miss the orc.
The orc is severely wounded.
The orc hits you with a +0 dagger.
* * * LOW HITPOINT WARNING * * *
The orc completely misses you.
You barely miss the orc. You bite the orc, but do no damage.
The orc is severely wounded.
The orc closely misses you.
The orc hits you with a +0 flail of draining.
You die...

### ##. #.. ....
#.# .....
.##.###.####...#..
......)<..@o......
.#..#.###..o...#..
# ...........
###.##..##.. #.#
..# . ... .... ...
.##. ..[. .#


You could see 2 orcs.

Vanquished Creatures
  An orc priest (D:3)
  An adder (D:2)
  A dart slug (D:1)
  An orc (D:3)
  5 ball pythons
  3 endoplasms
  2 giant cockroaches (D:1)
  A goblin (D:1)
  2 hobgoblins
  3 jackals (D:1)
  3 kobolds
  2 quokkas
  5 bats
  2 frilled lizards (D:1)
  3 rats
35 creatures vanquished.

Notes
Turn   | Place    | Note
-------+----------+-------------------------------------------
     0 | D:1      | Hubris850 the Gnoll Wanderer began the quest for the Orb.
     0 | D:1      | Hubris850 set off with the following items: a +0
                  | quarterstaff, 12 poisoned darts, a +0 dagger, a potion of
                  | invisibility, a +0 robe; and the following spell memorised:
                  | Summon Small Mammal; and the following spells available to
                  | memorise: Call Canine Familiar, Summon Guardian Golem.
     0 | D:1      | Reached XP level 1. HP: 17/17 MP: 4/4
   160 | D:1      | Reached XP level 2. HP: 23/23 MP: 5/5
   540 | D:1      | Reached XP level 3. HP: 23/28 MP: 7/7
   896 | D:2      | Found a broken altar of Ashenzari.
  1160 | D:2      | Reached skill level 1 in Invocations
  1934 | D:3      | Reached skill level 1 in Short Blades
  1934 | D:3      | Reached skill level 1 in Long Blades
  1934 | D:3      | Reached skill level 1 in Axes
  1934 | D:3      | Reached skill level 1 in Maces & Flails
  1934 | D:3      | Reached skill level 1 in Polearms
  1934 | D:3      | Reached skill level 1 in Ranged Weapons
  1934 | D:3      | Reached skill level 1 in Dodging
  1934 | D:3      | Reached skill level 1 in Shields
  1934 | D:3      | Reached skill level 1 in Unarmed Combat
  1934 | D:3      | Reached skill level 1 in Evocations
  1938 | D:3      | Reached skill level 1 in Shapeshifting
  1938 | D:3      | Reached XP level 4. HP: 3/34 MP: 8/8
  1941 | D:3      | Slain by an orc

Illustrated notes

Levels and vault maps discovered:
D:1:      psy_arrival_fountain, layout_basic, minivault_19
D:2:      layout_basic, basic_altar
D:3:      layout_basic, minmay_misc_feat_square, kennysheep_donut, uniq_grinder,
          uniq_natasha

Skill      XL: |  1  2  3 |
---------------+----------+-----
Invocations    | 1 |  1.2
Short Blades   | 1 |  1.1
Long Blades    | 1 |  1.1
Axes           | 1 |  1.1
Maces & Flails | 1 |  1.1
Polearms       | 1 |  1.1
Ranged Weapons | 1 |  1.1
Dodging        | 1 |  1.1
Shields        | 1 |  1.1
Unarmed Combat | 1 |  1.1
Evocations     | 1 |  1.1
Spellcasting   | 3 |  3.0
Shapeshifting  | 1 |  1.0
Fighting       | |  2.7
Staves         | |  4.6
Throwing       | |  2.7
Armour         | |  2.7
Stealth        | |  2.5
Conjurations   | |  0.9
Hexes          | |  0.9
Summonings     | |  5.4
Necromancy     | |  0.9
Translocations | |  0.9
Transmutations | |  0.9
Fire Magic     | |  0.9
Ice Magic      | |  0.9
Air Magic      | |  0.9
Earth Magic    | |  0.9
Poison Magic   | |  0.9

Action                     |  1- 3 |  4- 6 || total
---------------------------+-------+-------++-------
  Melee: Quarterstaff      |   100 |     4 ||   104
         Bite              |    11 |     1 ||    12
  Throw: Dart              |     1 |       ||     1
   Stab: Sleeping          |     6 |       ||     6
 Armour: Leather armour    |    69 |     3 ||    72
         Robe              |     1 |       ||     1
  Dodge: Dodged            |    67 |     5 ||    72

Table legend: (Time is in decaauts)
 A = Elapsed time spent in this place.
 B = Non-inter-level travel time spent in this place.
 C = Inter-level travel time spent in this place.
 D = Time resting spent in this place.
 E = Time spent auto-exploring this place.
 F = Levels seen in this place.
 G = Mean time per level.
                   A        B        C        D        E       F      G
               +--------+--------+--------+--------+--------+-----+--------+
         Total |   1947 |   1917 |     30 |     58 |   1564 |   3 |  649.0 |
       Dungeon |   1947 |   1917 |     30 |     58 |   1564 |   3 |  649.0 |
               +--------+--------+--------+--------+--------+-----+--------+

Top non-repeatable levels by time:
     D:2: 1048 daAuts
     D:1: 884 daAuts
     D:3: 14 daAuts
